 Dungeon Crawl Stone Soup version 0.30-a0-29-g142975f185 (webtiles) character file.

Game seed: 1015732821079367050

99878 nono the Warrior (level 15, -2/139 HPs)
             Began as a Palentonga Fighter on Aug 26, 2022.
             Was a High Priest of Okawaru.
             Killed from afar by Aizul (7 damage)
             ... with a bolt of poison
             ... on level 1 of the Snake Pit.
             The game lasted 01:30:52 (34252 turns).

nono the Warrior (Palentonga Fighter)              Turns: 34252, Time: 01:30:54

Health: -2/139     AC: 28    Str: 29    XL:     15   Next: 79%
Magic:  0/20       EV: 16    Int:  8    God:    Okawaru [*****.]
Gold:   25         SH: 19    Dex: 17    Spells: 14/14 levels left

rFire   + . .      SeeInvis +    b - +3 demon whip (freeze)
rCold   . . .      Faith    .    c - +1 tower shield {rF+}
rNeg    . . .      Spirit   +    Y - +4 scale mail of Zolixt {Str+2 Dex+2}
rPois   +          Reflect  .    Z - +0 helmet
rElec   .          Harm     .    x - +0 cloak
rCorr   .          Rampage  .    S - +0 pair of gloves {Dex+3}
Will    +....                    X - +0 barding
Stlth   ..........               B - amulet of guardian spirit
HPRegen 0.33/turn                I - ring of the Hare {EV+8}
MPRegen 0.17/turn                M - ring of poison resistance

@: lethally poisoned (-2 -> -5), about to teleport, hasted, curled up, very
quick
A: large, rugged brown scales 3, see invisible, deformed body, roll 1, armoured
tail, reflexive curl
a: Rolling Charge, Renounce Religion, Heroism, Finesse, Duel


You were on level 1 of the Snake Pit.
You worshipped Okawaru.
Okawaru was extremely pleased with you.
You visited 5 branches of the dungeon, and saw 24 of its levels.
You visited 1 bazaar.
You also visited: Gauntlet and Ice Cave.

You collected 2695 gold pieces.
You spent 2670 gold pieces at shops.

Inventory:

Hand Weapons
 a - the +8 mace "Oraizipt" {vorpal, rElec Will++}
   (You bought it in a shop on level 2 of the Dungeon)

   It inflicts extra damage upon your enemies.
   rElec:     It insulates you from electricity.
   Will:      It greatly increases your willpower.
 b - a +3 demon whip of freezing (weapon)
 n - the +1 whip "Tixkig" {spect, Int+3}
   (You found it on level 2 of the Dungeon)

   When its wielder attacks, the weapon's spirit leaps out and strikes again.
   The spirit shares a part of any damage it takes with its wielder.
   Int:       It affects your intelligence (+3).
Missiles
 J - a throwing net
Armour
 c - a +1 tower shield of fire resistance (worn)
 x - a +0 cloak (worn)
 y - the +2 ring mail of Weightlessness {Str+2 Int+3 Dex+3 Stlth-}
   (You found it on level 1 of the Lair of Beasts)

   Str:       It affects your strength (+2).
   Int:       It affects your intelligence (+3).
   Dex:       It affects your dexterity (+3).
   Stlth:     It makes you less stealthy.
 z - a +2 kite shield of cold resistance
 G - the +1 leather armour of Beyond {Rampage rC- Regen+ Dex+3}
   (You took it off a minotaur in a Gauntlet)

   Dex:       It affects your dexterity (+3).
   rC:        It makes you vulnerable to cold.
   Regen:     It increases your rate of health regeneration.
   Rampage:   It bestows one free step when moving towards enemies.
 S - a +0 pair of gloves of dexterity (worn)
 X - a +0 barding (worn)
 Y - the +4 scale mail of Zolixt (worn) {Str+2 Dex+2}
   (Okawaru gifted it to you on level 5 of the Lair of Beasts)

   Str:       It affects your strength (+2).
   Dex:       It affects your dexterity (+2).
 Z - a +0 helmet (worn)
Jewellery
 i - a ring of protection from cold
 w - a +4 ring of protection
 B - an amulet of guardian spirit (around neck)
 C - a ring of protection from fire
 I - the ring of the Hare (left hand) {EV+8}
   (You bought it in a shop on level 4 of the Dungeon)

   [ring of evasion]

   EV:        It affects your evasion (+8).
 M - a ring of poison resistance (right hand)
 Q - a ring of fire
 R - a ring of willpower
Wands
 H - a wand of flame (37)
 K - a wand of roots (19)
 L - a wand of polymorph (11)
 O - a wand of light (15)
 W - a wand of mindburst (15)
Scrolls
 f - 5 scrolls of enchant weapon
 h - 8 scrolls of immolation
 j - 3 scrolls of vulnerability
 t - 2 scrolls of teleportation
 v - 8 scrolls of enchant armour
 E - 2 scrolls of poison
 F - 3 scrolls of magic mapping
 P - 2 scrolls of silence
Potions
 e - 9 potions of mutation
 g - 2 potions of invisibility
 o - 4 potions of lignification {unknown}
 q - 4 potions of cancellation
 r - 2 potions of berserk rage {unknown}
 s - 4 potions of brilliance
 A - 4 potions of ambrosia {unknown}
 D - 4 potions of resistance {unknown}
 N - 3 potions of attraction
 T - 6 potions of magic
 U - 4 potions of flight


   Skills:
 + Level 15.7 Fighting
 + Level 15.5 Maces & Flails
 - Level 8.3 Armour
 - Level 7.8 Dodging
 + Level 11.9 Shields
 - Level 6.9 Invocations


You had 14 spell levels left.
You didn't know any spells.
Your spell library contained the following spells:

 Spells                   Type           Power      Damage    Failure   Level
 Apportation              Tloc           0%         N/A       96%         1
 Beastly Appendage        Tmut           0%         N/A       96%         1
 Magic Dart               Conj           0%         1d3       96%         1
 Necrotise                Necr           0%         1d4       96%         1
 Sandblast                Erth           0%         2d4       96%         1
 Slow                     Hex            0%         N/A       96%         1
 Ensorcelled Hibernation  Hex/Ice        0%         N/A       99%         2
 Passwall                 Tmut/Erth      0%         N/A       99%         2
 Scorch                   Fire           0%         2d5       99%         2
 Sublimation of Blood     Necr           0%         N/A       99%         2
 Wereblood                Tmut           0%         N/A       99%         2
 Confusing Touch          Hex            0%         N/A       100%        3
 Mephitic Cloud           Conj/Pois/Air  0%         N/A       100%        3
 Ozocubu's Armour         Ice            0%         N/A       100%        3
 Portal Projectile        Hex/Tloc       0%         N/A       100%        3
 Spider Form              Tmut/Pois      0%         N/A       100%        3
 Stone Arrow              Conj/Erth      0%         3d7       100%        3
 Swiftness                Air            0%         N/A       100%        3
 Vampiric Draining        Necr           0%         2d6       100%        3
 Flame Wave               Conj/Fire      0%         2d4       100%        4
 Leda's Liquefaction      Hex/Erth       0%         N/A       100%        4
 Passage of Golubria      Tloc           0%         N/A       100%        4
 Petrify                  Tmut/Erth      0%         N/A       100%        4
 Alistair's Intoxication  Tmut/Pois      0%         N/A       100%        5
 Blade Hands              Tmut           0%         N/A       100%        5
 Borgnjor's Vile Clutch   Necr/Erth      0%         N/A       100%        5
 Irradiate                Conj/Tmut      0%         3d11      100%        5
 Metabolic Englaciation   Hex/Ice        0%         N/A       100%        5
 Yara's Violent Unravell  Hex/Tmut       0%         3d3       100%        5
 Eringya's Noxious Bog    Tmut/Pois      0%         N/A       100%        6
 Statue Form              Tmut/Erth      0%         N/A       100%        6
 Enfeeble                 Hex            0%         N/A       100%        7
 Summon Small Mammal      Summ           Unusable   N/A       N/A         1
 Call Imp                 Summ           Unusable   N/A       N/A         2
 Call Canine Familiar     Summ           Unusable   N/A       N/A         3
 Tukima's Dance           Hex            Unusable   N/A       N/A         3
 Simulacrum               Ice/Necr       Unusable   N/A       N/A         6
 Summon Cactus Giant      Summ           Unusable   N/A       N/A         6

Dungeon Overview and Level Annotations

Branches:
Dungeon (15/15)            Temple (1/1) D:5            Lair (5/5) D:10
  Swamp (0/4) Lair:3        Snake (1/4) Lair:2        Slime (0/5) Lair:5
    Orc (2/2) D:9             Elf (0/3) Orc:2        Vaults (0/5) D:14
 Depths (0/4) D:15          IceCv (visited)         Gauntlet (visited)

Altars:
Ashenzari
Cheibriados
Dithmenos
Elyvilon
Fedhas
Gozag
Hepliaklqana
Kikubaaqudgha
Makhleb
Nemelex Xobeh
Okawaru
Qazlal
Ru
Sif Muna
Trog
Uskayaw
Vehumet
Wu Jian
Xom
Yredelemnul
Zin
The Shining One
Jiyva

Shops:
D:1 (   D:2 (   D:4 ==   D:7 *   D:11 :   Orc:1 *   Orc:2 (*(*

Annotations:
Snake:1 Aizul, Asterion


Innate Abilities, Weirdness & Mutations

You are completely covered in rugged brown scales. (AC +3, +7% HP)
You have supernaturally acute eyesight. (SInv)
Armour fits poorly on your strangely shaped body.
You can roll at nearby foes to attack.
You have a long armoured tail.
You curl defensively after being hit. (AC +7*)


Message History

You escape the naga warrior's grasp.
Things that are here:
a +0 hand axe; a +0 barding You whack the naga warrior!
You freeze the naga warrior!
The naga warrior is moderately wounded.
You closely miss the naga warrior. You tail-slap the naga warrior.
The naga warrior is moderately wounded.
You hit the naga warrior. You freeze the naga warrior.
The naga warrior is moderately wounded.
You block the naga warrior's attack. x2
You hit the naga warrior. You freeze the naga warrior.
The naga warrior is heavily wounded.
You whack the naga warrior! You freeze the naga warrior.
The naga warrior is severely wounded.
The naga warrior spits poison at you.
The splash of poison hits you but does no damage.
You resist. The naga warrior blocks your attack.
You tail-slap the naga warrior.
The naga warrior is severely wounded.
The naga warrior blocks your attack.
The naga warrior is severely wounded.
The naga warrior hits you with a +0 scimitar.
* * * LOW HITPOINT WARNING * * *
You block the naga warrior's attack.
You closely miss the naga warrior.
The naga warrior is severely wounded.
As you read the scroll of teleportation, it crumbles to dust.
You feel strangely unstable.
Aizul shouts!
The naga warrior spits poison at you.
The splash of poison hits you but does no damage.
You are poisoned.
You resist.
You hit the naga warrior but do no damage.
The naga warrior is severely wounded.
You feel sick. Aizul casts a spell at you.
The bolt of poison hits the naga warrior.
The bolt of poison hits you! You resist.
You die...

##.#..)N.............§§.#
#...§S..........##.######
.#S.##...........(...#
.....................#
...................^.# ##
######........S......#...
# #..........)........
......... #N....# ##.....
#@)...# #.)...# #######


You could see Aizul and a naga warrior (catching breath).

Vanquished Creatures
  Jorgrun (Snake:1)
  Kirke (Lair:3)
  A balrug (Gauntlet)
  Nessos (D:14)
  A very ugly thing (D:15)
  A minotaur (Gauntlet)
  Snorg (D:12)
  Josephine (Lair:4)
  2 hydras (Lair:5)
  An ice dragon (D:13)
  3 boulder beetles
  3 centaur warriors
  A merfolk avatar (Lair:5)
  5 two-headed ogres
  A naga warrior (Snake:1)
  A catoblepas (Lair:5)
  An anaconda (Snake:1)
  3 orc high priests (Orc:2)
  2 shock serpents (Lair:2)
  A naga sharpshooter (Snake:1)
  Sonja (Lair:4)
  4 skeletal warriors (D:8)
  2 sea snakes (Lair:5)
  A wizard (Gauntlet)
  A naga ritualist (Snake:1)
  Pikel (D:4)
  A glowing orange brain (D:15)
  7 orc knights
  A deep elf pyromancer (D:13)
  17 ugly things
  5 manticores
  2 wolf spiders (Lair:2)
  6 orc sorcerers (Orc:2)
  7 cyclopes
  A salamander (Snake:1)
  A shining eye (Gauntlet)
  3 elephants (Lair:5)
  A naga mage (Snake:1)
  A guardian serpent (Snake:1)
  3 torpor snails
  5 black mambas
  3 gargoyles
  5 cane toads
  2 yaktaurs (D:15)
  An unseen horror (D:13)
  A kobold demonologist (D:10)
  An efreet (D:14)
  4 rime drakes
  12 komodo dragons
  4 freezing wraiths (IceCv)
  A tengu conjurer (D:15)
  2 anaconda simulacra (IceCv)
  10 ice devils (IceCv)
  2 wind drakes (Lair:5)
  7 trolls
  8 polar bears
  5 hornets
  Prince Ribbit (D:5)
  Grinder (D:4)
  12 slime creatures
  4 blink frogs (Lair:3)
  A blink frog (shapeshifter) (D:13)
  A jumping spider (Gauntlet)
  Sigmund (D:2)
  2 vampires (D:12)
  11 wyverns
  6 wraiths
  56 yaks
  16 humans (D:14)
  A basilisk (shapeshifter) (D:15)
  A yak (shapeshifter) (D:14)
  2 golden eyes (Gauntlet)
  4 hogs (Lair:3)
  2 large abominations (Gauntlet)
  9 vampire mosquitoes
  4 basilisks
  Eustachio (D:4)
  A death yak simulacrum (IceCv)
  A warg (Orc:1)
  4 steam dragons
  Edmund (D:5)
  Menkaure (D:5)
  2 harpy simulacra (IceCv)
  An acid dragon (D:9)
  A swamp worm (shapeshifter) (D:15)
  7 nagas
  2 hell hounds (Gauntlet)
  11 water moccasins
  A hydra simulacrum (IceCv)
  22 orc warriors
  4 black bears (D:10)
  2 ice beasts
  2 sky beasts (D:6)
  20 wolves
  4 ogres
  A lemure (D:4)
  14 centaurs
  5 small abominations (Gauntlet)
  4 gnoll sergeants
  10 bullfrogs
  3 scorpions
  5 cane toad simulacra (IceCv)
  9 wights
  5 elephant simulacra (IceCv)
  11 killer bees
  3 howler monkeys (D:9)
  7 electric eels
  A crimson imp (D:6)
  11 orc priests
  A jelly (D:5)
  A gnoll bouda (D:10)
  Crazy Yiuf (D:4)
  3 hounds
  Jessica (D:3)
  7 iguanas
  17 orc wizards
  2 polar bear simulacra (IceCv)
  2 spriggan simulacra (IceCv)
  2 troll simulacra (IceCv)
  2 wolf simulacra (IceCv)
  7 adders
  24 gnolls
  A naga simulacrum (IceCv)
  4 shadow imps
  2 white imps
  A worm (D:2)
  A dart slug (D:3)
  44 orcs
  5 ball pythons
  5 endoplasms
  3 giant cockroaches
  6 goblins
  10 hobgoblins
  6 jackals (D:1)
  5 quokkas
  3 bats
  A frilled lizard (D:1)
  3 kobolds
  2 rats (D:1)
  A spectral orc (D:10)
656 creatures vanquished.

Vanquished Creatures (others)
  A wizard (D:15)
  An orc wizard (Orc:2)
  16 fungi
  46 plants
64 creatures vanquished.

Grand Total: 720 creatures vanquished

Notes
Turn   | Place    | Note
-------+----------+-------------------------------------------
     0 | D:1      | nono the Palentonga Fighter began the quest for the Orb.
     0 | D:1      | Reached XP level 1. HP: 19/19 MP: 1/1
     2 | D:1      | Noticed a tengu
     2 | D:1      | Noticed a palentonga
     3 | D:1      | You fall into a shaft and drop 1 floor!
     3 | D:2      | Found Iste's Antique Weapon Shop.
   130 | D:2      | Noticed Sigmund
   138 | D:2      | Killed Sigmund
   139 | D:2      | Reached XP level 2. HP: 4/26 MP: 2/2
   139 | D:2      | Reached XP level 3. HP: 5/32 MP: 3/3
   139 | D:2      | Reached XP level 4. HP: 7/39 MP: 4/4
   139 | D:2      | Reached XP level 5. HP: 8/44 MP: 5/5
   456 | D:1      | Noticed a tengu
   456 | D:1      | Noticed a gargoyle
   458 | D:1      | Noticed a gargoyle
   458 | D:1      | Noticed an octopode
   460 | D:1      | Noticed a demigod
   460 | D:1      | Noticed a troll
   462 | D:1      | Noticed a felid
   464 | D:1      | Noticed a minotaur
   464 | D:1      | Noticed a naga
   466 | D:1      | Noticed a gargoyle
   466 | D:1      | Noticed a ghoul
   468 | D:1      | Noticed a draconian
   653 | D:1      | Found a faded altar of an unknown god.
   708 | D:1      | Found Jir Ximo's Weapon Shop.
  2014 | D:2      | Identified the +1 whip "Tixkig" {spect, Int+3}
  2155 | D:3      | Found a sparkling altar of Nemelex Xobeh.
  2304 | D:3      | Noticed Jessica
  2317 | D:3      | Killed Jessica
  2409 | D:3      | Found a blossoming altar of Fedhas.
  2609 | D:4      | Noticed Grinder
  2645 | D:4      | Reached XP level 6. HP: 47/51 MP: 6/6
  2742 | D:4      | Found Vovoyc's Jewellery Emporium.
  2786 | D:4      | Found Riessidd's Jewellery Shop.
  2814 | D:4      | Noticed Eustachio
  2825 | D:4      | Killed Eustachio
  2987 | D:4      | Found a runed translucent door.
  2988 | D:4      | Noticed Crazy Yiuf
  3002 | D:4      | Killed Crazy Yiuf
  3302 | D:4      | Noticed Pikel
  3321 | D:4      | Killed Pikel
  3322 | D:4      | Reached skill level 5 in Fighting
  3322 | D:4      | Gained mutation: You curl defensively after being hit. (AC
                  | +7*) [Palentonga growth]
  3322 | D:4      | Reached XP level 7. HP: 32/59 MP: 7/7
  3517 | D:4      | Paralysed by Grinder for 5 turns
  3524 | D:4      | Killed Grinder
  3525 | D:4      | Reached skill level 5 in Maces & Flails
  3525 | D:4      | Reached skill level 5 in Shields
  3525 | D:4      | Reached XP level 8. HP: 44/68 MP: 8/8
  3963 | D:5      | Entered Level 5 of the Dungeon
  3981 | D:5      | Noticed Menkaure
  3987 | D:5      | Killed Menkaure
  4159 | D:5      | Noticed Prince Ribbit
  4160 | D:5      | Found a staircase to the Ecumenical Temple.
  4187 | D:5      | Reached skill level 5 in Armour
  4196 | D:5      | Killed Prince Ribbit
  4229 | Temple   | Entered the Ecumenical Temple
  4780 | D:2      | Bought a slimy mace for 232 gold pieces
  4780 | D:2      | Identified the +8 mace "Oraizipt" {vorpal, rElec Will++}
                  | (You bought it in a shop on level 2 of the Dungeon)
  4988 | D:5      | Reached XP level 9. HP: 23/75 MP: 9/9
  5226 | D:5      | Found a bloodstained altar of Trog.
  5621 | D:5      | Noticed Edmund
  5630 | D:5      | Killed Edmund
  5694 | D:5      | Identified the +2 long sword of Joda {vorpal, Str+3}
  6041 | D:6      | Identified the +7 dagger of Awkwardness {antimagic, rC+
                  | SInv}
  6112 | D:6      | Found a burning altar of Makhleb.
  6153 | D:6      | Found a stormy altar of Qazlal.
  6918 | D:6      | Identified the +6 hand axe of Xom, Gnashing {freeze, rF+}
  7714 | D:7      | Found Ginginon's Island Escapes.
  7765 | D:7      | Found a shadowy altar of Dithmenos.
  8181 | D:7      | Bought a scroll of teleportation for 36 gold pieces
  8181 | D:7      | Bought a scroll of teleportation for 36 gold pieces
  8181 | D:7      | Bought a scroll of blinking for 90 gold pieces
  8283 | D:8      | Reached XP level 10. HP: 50/79 MP: 10/10
  8628 | D:8      | Noticed a skeletal warrior
  8979 | D:8      | Identified the +1 robe of Lorany {Int+4}
  9376 | D:8      | Noticed a skeletal warrior
  9586 | D:8      | Noticed a skeletal warrior
  9588 | D:8      | Noticed a skeletal warrior
  9592 | D:8      | Killed a skeletal warrior
  9610 | D:8      | Killed a skeletal warrior
  9614 | D:8      | Killed a skeletal warrior
  9622 | D:8      | Killed a skeletal warrior
 10350 | D:9      | Found an opulent altar of Gozag.
 10485 | D:9      | Found a staircase to the Orcish Mines.
 10865 | D:9      | Found an ancient bone altar of Kikubaaqudgha.
 11026 | D:10     | Entered Level 10 of the Dungeon
 11032 | D:10     | Found an iron altar of Okawaru.
 11035 | D:10     | Noticed a two-headed ogre
 11044 | D:10     | Killed a two-headed ogre
 11045 | D:10     | Reached XP level 11. HP: 95/95 MP: 11/11
 11048 | D:10     | Found a radiant altar of Vehumet.
 11048 | D:10     | Found a glowing silver altar of Zin.
 11048 | D:10     | Found an ornate altar of the Wu Jian Council.
 11054 | D:10     | Became a worshipper of Warmaster Okawaru
 11078 | D:10     | Noticed a two-headed ogre
 11269 | D:10     | Noticed a two-headed ogre
 11277 | D:10     | Killed a two-headed ogre
 11721 | D:10     | Found a staircase to the Lair.
 11749 | D:10     | Reached * piety under Okawaru
 12310 | D:10     | Noticed a soul eater
 12318 | D:10     | Found a basalt altar of Yredelemnul.
 12396 | D:10     | Killed a two-headed ogre
 12439 | Lair:1   | Entered Level 1 of the Lair of Beasts
 12454 | Lair:1   | Reached ** piety under Okawaru
 12717 | Lair:1   | Reached skill level 10 in Fighting
 12745 | Lair:1   | Identified the +2 ring mail of Weightlessness {Str+2 Int+3
                  | Dex+3 Stlth-}
 12889 | Lair:1   | Reached skill level 1 in Dodging
 12921 | Lair:1   | Reached skill level 10 in Maces & Flails
 13143 | Lair:1   | Reached *** piety under Okawaru
 13443 | Lair:1   | Reached XP level 12. HP: 99/104 MP: 12/12
 13887 | Lair:1   | Reached **** piety under Okawaru
 14439 | Lair:2   | Found a staircase to the Snake Pit.
 16128 | Lair:3   | Identified the +2 war axe "Yrirr" {elec, Str+3}
 16452 | Lair:3   | Found a staircase to the Swamp.
 16461 | Lair:3   | Reached skill level 5 in Dodging
 17047 | Lair:4   | Noticed Sonja
 17321 | Lair:5   | Entered Level 5 of the Lair of Beasts
 17335 | Lair:5   | Found a gate leading to a gauntlet.
 17372 | Gauntlet | Entered a Gauntlet
 17372 | Gauntlet | Found a transporter.
 17373 | Gauntlet | Found a runed translucent gate.
 17373 | Gauntlet | Found a runed translucent gate.
 17375 | Gauntlet | Found a runed translucent gate.
 17662 | Gauntlet | Found a transporter.
 17665 | Gauntlet | Found a transporter.
 17666 | Gauntlet | Found a transporter.
 17677 | Gauntlet | Found a transporter.
 17678 | Gauntlet | Found a transporter.
 17679 | Gauntlet | Found a transporter.
 17685 | Gauntlet | Found a runed translucent door.
 17688 | Gauntlet | Found a transporter.
 17689 | Gauntlet | Found a transporter.
 17690 | Gauntlet | Found a transporter.
 17693 | Gauntlet | Noticed an entropy weaver
 17698 | Gauntlet | Found a transporter.
 17701 | Gauntlet | Found a transporter.
 17708 | Gauntlet | Found a transporter.
 17713 | Gauntlet | Noticed a balrug
 17716 | Gauntlet | Found a transporter.
 17950 | Gauntlet | Reached ***** piety under Okawaru
 18591 | Gauntlet | Killed a balrug
 18592 | Gauntlet | Reached skill level 1 in Invocations
 18914 | Gauntlet | Identified the +1 leather armour of Beyond {Rampage rC-
                  | Regen+ Dex+3}
 18914 | Gauntlet | Noticed a minotaur
 18929 | Gauntlet | Killed a minotaur
 18930 | Gauntlet | Reached XP level 13. HP: 68/115 MP: 11/14
 19439 | Lair:4   | Received a gift from Okawaru
 19466 | Lair:4   | Killed Sonja
 19895 | Lair:4   | Noticed Josephine
 19897 | Lair:4   | Noticed Kirke
 19984 | Lair:3   | Noticed a sphinx
 19990 | Lair:3   | Noticed a sphinx
 20043 | Lair:3   | Killed Kirke
 20308 | Lair:4   | Killed Josephine
 20979 | Lair:5   | Identified the +4 scale mail of Zolixt {Str+2 Dex+2}
                  | (Okawaru gifted it to you on level 5 of the Lair of Beasts)
 20979 | Lair:5   | Received a gift from Okawaru
 21390 | Lair:5   | Found a viscous altar of Jiyva.
 21390 | Lair:5   | Found a staircase to the Slime Pits.
 21675 | Lair:5   | Reached skill level 5 in Invocations
 22907 | Lair:5   | Found the +8 trident of the Octopus King {venom, rElec
                  | rPois}
 22921 | Lair:5   | Identified the ring "Uskocuggil" {MP+9 SInv}
 23323 | D:11     | Reached XP level 14. HP: 124/126 MP: 18/18
 23478 | D:11     | Found Pada's Book Shoppe.
 24510 | D:12     | Noticed Snorg
 24529 | D:12     | Killed Snorg
 25105 | D:12     | Received a gift from Okawaru
 25893 | D:13     | Found a frozen archway.
 25939 | IceCv    | Entered an ice cave
 26608 | IceCv    | Found an ancient bone altar of Kikubaaqudgha.
 27154 | D:13     | Reached skill level 10 in Shields
 27329 | D:13     | Identified the +1 ring mail "Sokimu" {-Tele rF+ rC+++
                  | Stlth+}
 27491 | D:13     | Found a hide-covered altar of Uskayaw.
 27842 | D:14     | Noticed Nessos
 27842 | D:14     | Found a gate to the Vaults.
 27878 | D:14     | Found a flickering gateway to a bazaar.
 27895 | Bazaar   | Entered a bazaar
 27917 | Bazaar   | Found Ciolo's Jewellery Emporium.
 27928 | Bazaar   | Found Dohuikuy's Antique Weapon Shoppe.
 27941 | Bazaar   | Found Tistyck's Weapon Shoppe.
 27973 | Bazaar   | Found Xih Ysumu's Weapon Shoppe.
 27995 | Bazaar   | Found Zefuc's Distillery.
 28000 | Bazaar   | Bought a potion of heal wounds for 75 gold pieces
 28000 | Bazaar   | Bought a potion of haste for 150 gold pieces
 28000 | Bazaar   | Bought a potion of mutation for 120 gold pieces
 28034 | Bazaar   | Bought a ring of poison resistance for 200 gold pieces
 28182 | D:14     | Received a gift from Okawaru
 28666 | D:14     | Killed Nessos
 28724 | D:14     | Found a blossoming altar of Fedhas.
 28787 | D:14     | Reached XP level 15. HP: 76/135 MP: 20/20
 29640 | D:15     | Entered Level 15 of the Dungeon
 29949 | D:15     | Found a broken altar of Ashenzari.
 30788 | D:15     | Reached skill level 15 in Fighting
 31051 | D:15     | Received a gift from Okawaru
 31253 | D:15     | Found a staircase to the Depths.
 31489 | Orc:1    | Entered Level 1 of the Orcish Mines
 31619 | Orc:1    | Found Hiar Ler's General Store.
 31788 | Orc:2    | Entered Level 2 of the Orcish Mines
 31820 | Orc:2    | Reached skill level 15 in Maces & Flails
 31912 | Orc:2    | Found Goqog's Weapon Emporium.
 32648 | Orc:2    | Found a staircase to the Elven Halls.
 32705 | Orc:2    | Found Wejime's General Store.
 32709 | Orc:2    | Identified the +5 scale mail of Atur Mer {rElec rPois
                  | Str-2} (Okawaru gifted it to you on level 2 of the Orcish
                  | Mines)
 32709 | Orc:2    | Received a gift from Okawaru
 33222 | Orc:2    | Found Sidwygh's Assorted Antiques.
 33291 | Orc:2    | Found Weyhek's Antique Weapon Emporium.
 33295 | Orc:2    | Bought a scroll of enchant weapon for 195 gold pieces
 33298 | Orc:2    | Found Cowamaut's Armour Emporium.
 33490 | D:4      | Bought the ring of the Hare {EV+8} for 1536 gold pieces
 33490 | D:4      | Found the ring of the Hare {EV+8}
 33690 | Snake:1  | Entered Level 1 of the Snake Pit
 33969 | Snake:1  | Noticed Asterion
 33976 | Snake:1  | HP: 4/138 [Asterion/+3 demon blade of venom (18)]
 33982 | Snake:1  | Noticed Jorgrun
 34139 | Snake:1  | Noticed Aizul
 34146 | Snake:1  | HP: 3/138 [poisoned by Aizul (bolt of poison)]
 34150 | Snake:1  | Identified the +12 mace "Quohilub" {flame, rCorr}
 34154 | Snake:1  | HP: 2/138 [black mamba[a naga ritualist] (10)]
 34160 | Snake:1  | HP: 3/138 [poisoned by a naga ritualist (toxic radiance)]
 34195 | Snake:1  | Killed Jorgrun
 34249 | Snake:1  | HP: 6/139 [naga warrior/+0 scimitar (3)]
 34252 | Snake:1  | Killed from afar by Aizul

Illustrated notes

Levels and vault maps discovered:
D:1:      kb_arrival_jail, layout_loops_ring, serial_rivers,
          chequers_serial_rivers_micro_c, chequers_serial_rivers_small_b,
          chequers_serial_rivers_micro_e, chequers_serial_rivers_large_b,
          shapermc_ecumenical_altar_acropolis, serial_shops, shop
D:2:      layout_basic, serial_shops, nicolae_shop_advertising_works
          [nicolae_subvault_shop_adworks], uniq_sigmund
D:3:      layout_rooms, mainiacjoe_overflow_catwalk, lemuel_crystal_altar,
          uniq_jessica
D:4:      layout_loops_ring, serial_shops, shop, shop, uniq_crazy_yiuf_cottage,
          uniq_eustachio, uniq_pikel, uniq_grinder
D:5:      layout_cave_pods, bloody_trog, minmay_temple_entry_mini_moons,
          st_stairs_11, uniq_menkaure, uniq_prince_ribbit1, uniq_edmund
D:6:      nicolae_cairo_tiling, layout_loops_corners,
          nicolae_qazlal_style_of_elements, makhleb_grotto_becter,
          chequers_garden
D:7:      layout_basic, grunt_dithmenos_smoke_and_mirrors,
          nicolae_island_escapes
D:8:      layout_gridville
D:9:      layout_small_grid, grunt_gozag_statues, lemuel_round_altar
D:10:     layout_gridville, yredelemnul_forgotten_temple_becter,
          grunt_temple_overflow_open, minmay_lair_entry_grove
D:11:     layout_irregular_city, serial_shops, nicolae_take_the_stairs,
          minivault_4
D:12:     layout_basic, roderic_lattice_a, uniq_snorg
D:13:     layout_loops_cross, portal_ice_cave_entry_animals_and_master,
          moated_statue, eat_drink_and_be_merry_uskayaw
D:14:     layout_basic, david_vaults_3, fedhas_altar_2, serial_shops,
          freezing_bzr
D:15:     gammafunk_enter_depths_forms, layout_stronghold,
          nicolae_ashenzari_panopticon
Temple:   nicolae_temple_bog_church
Lair:1:   layout_cave_shapes, serial_bayou_pond_e, grunt_forest_stairs_basic,
          amcnicky_mini_pool_medium
Lair:2:   layout_roguey, guppyfry_snake_entry_garden,
          nicolae_lair_run_with_the_wolves, serial_bayou_shore_b
Lair:3:   layout_roguey, minmay_swamp_entry_eels, chequers_serial_rivers_room_b
Lair:4:   layout_regular_city, st_stairs_12, uniq_kirke, uniq_sonja,
          uniq_josephine
Lair:5:   gammafunk_lair_ancient_temple, layout_misc_corridors,
          dpeg_slime_entry_enclosed, gauntlet_entry_generic,
          chequers_serial_rivers_room_a
Snake:1:  layout_rooms, drop_trap, uniq_asterion, uniq_jorgrun, uniq_aizul
Orc:1:    layout_caves, serial_shops, nicolae_shop_statue_plus
Orc:2:    st_orc_elflike, layout_caves, serial_shops, shop

Skill      XL: |  1  2  3  4  5  6  7  8  9 10 11 12 13 14 15 |
---------------+----------------------------------------------+-----
Maces & Flails | 3 4 5 6 7 8 10 11 13 14 15 | 15.5
Armour         | 3 4 5 6 7 8 |  8.3
Shields        | 3 4 5 6 7 8 9 10 11 | 11.9
Fighting       | 4 5 6 7 9 10 12 13 14 15 | 15.7
Dodging        | 2 5 7 |  7.8
Invocations    | 1 6 |  6.9

Action                   |  1- 3 |  4- 6 |  7- 9 | 10-12 | 13-15 || total
-------------------------+-------+-------+-------+-------+-------++-------
Melee: Flail             |     9 |   170 |    69 |     4 |       ||   252
       Tailslap          |       |    20 |    38 |   108 |   288 ||   454
       Mace              |       |       |   179 |   650 |   489 ||  1318
       Demon whip        |       |       |       |       |  1072 ||  1072
Throw: Throwing net      |       |       |       |       |     1 ||     1
Invok: Heroism           |       |       |       |    12 |    33 ||    45
Evoke: Wand              |       |       |       |     4 |     2 ||     6
  Use: Potion            |     1 |     1 |     1 |     5 |    14 ||    22
       Scroll            |       |       |     7 |     4 |    34 ||    45
 Stab: Invisible         |       |       |       |     6 |       ||     6
Armor: Scale mail        |     2 |    71 |       |       |   494 ||   567
       Plate armour      |       |    25 |   179 |   196 |       ||   400
       Ring mail         |       |       |       |   191 |    85 ||   276
Dodge: Dodged            |     4 |    52 |    49 |   190 |   437 ||   732
Block: Buckler           |       |    37 |    67 |   200 |   145 ||   449
       Tower shield      |       |       |       |       |   935 ||   935
       Reflection        |       |       |       |       |     6 ||     6

Table legend: (Time is in decaauts)
 A = Elapsed time spent in this place.
 B = Non-inter-level travel time spent in this place.
 C = Inter-level travel time spent in this place.
 D = Time resting spent in this place.
 E = Time spent auto-exploring this place.
 F = Levels seen in this place.
 G = Mean time per level.
                   A        B        C        D        E       F      G
               +--------+--------+--------+--------+--------+-----+--------+
         Total |  33943 |  31623 |   2320 |   7394 |  17334 |  27 | 1257.1 |
       Dungeon |  19061 |  17512 |   1549 |   2858 |  11091 |  15 | 1270.7 |
        Temple |    398 |    303 |     95 |      0 |    265 |   1 |  398.0 |
          Lair |   9312 |   8881 |    431 |   2316 |   5010 |   5 | 1862.4 |
     Snake Pit |    291 |    290 |      1 |    101 |      0 |   1 |  291.0 |
  Orcish Mines |   1816 |   1573 |    243 |    334 |    897 |   2 |  908.0 |
        Bazaar |    193 |    193 |      0 |      0 |      0 |   1 |  193.0 |
      Ice Cave |   1185 |   1185 |      0 |    670 |     70 |   1 | 1185.0 |
      Gauntlet |   1683 |   1683 |      0 |   1114 |      0 |   1 | 1683.0 |
               +--------+--------+--------+--------+--------+-----+--------+

Top non-repeatable levels by time:
  Lair:3: 2257 daAuts
  Lair:5: 2007 daAuts
  Lair:1: 1888 daAuts
  Lair:4: 1724 daAuts
    D:15: 1694 daAuts
Gauntlet: 1683 daAuts
     D:8: 1603 daAuts
    D:14: 1566 daAuts
     D:6: 1535 daAuts
    D:10: 1491 daAuts
     D:4: 1462 daAuts
    D:11: 1461 daAuts
  Lair:2: 1434 daAuts
     D:5: 1401 daAuts
     D:2: 1187 daAuts
